 Dungeon Crawl Stone Soup version 0.31.0-12-g77e489cdc1 (webtiles) character file.

Game seed: 8326136500553639061

2356 monsoonserge the Grappler (level 9, -1/68 HPs)
             Began as a Gnoll Shapeshifter on Feb 28, 2024.
             Slain by an orc warrior
             ... wielding a +0 war axe
              (15 damage)
             ... in a bailey.
             The game lasted 00:13:27 (6313 turns).

monsoonserge the Grappler (Gnoll Shapeshifter)      Turns: 6313, Time: 00:13:27

Health: -1/68      AC:  3    Str: 18    XL:     9   Next: 44%
Magic:  15/15      EV: 19    Int: 10    God:
Gold:   432        SH:  0    Dex: 17    Spells: 16/16 levels left

rFire   . .          .
                       - Unarmed
rCold   . . .        (shield currently unavailable)
rNeg    . . .        k - melded +0 ring mail
rPois   .            t - +0 helmet
rElec   .            (no cloak)
rCorr   .            (no gloves)
SInv    .            E - +1 pair of boots
Will    .....        x - amulet of magic regeneration
Stlth   +            q - ring of wizardry
HPRegen 0.31/turn    K - +6 ring of dexterity
MPRegen 0.54/turn

%: wizardry (x1)
@: mighty, flux-form, glowing
A: glow, contaminating, fangs 1, strong nose, distributed training
a: Begin Untransformation


You were in a bailey.
You were something dangerously unstable.
You visited 1 branch of the dungeon, and saw 7 of its levels.
You also visited: Bailey.

You collected 432 gold pieces.

Inventory:

Missiles
 s - 4 atropa-tipped darts
 D - 2 boomerangs (quivered)
 I - 6 poisoned darts
Armour
 a - a +0 animal skin
 k - a +0 ring mail (melded)
 t - a +0 helmet (worn)
 u - a +0 chain mail
 v - a +0 plate armour
 E - a +1 pair of boots (worn)
Magical Staves
 b - a staff of cold
 l - a staff of air
 r - a staff of earth
Jewellery
 q - a ring of wizardry (left hand)
 x - an amulet of magic regeneration (around neck)
 H - an amulet of faith
 K - a +6 ring of dexterity (right hand)
Talismans
 c - a beast talisman
 d - a flux talisman (active)
Wands
 g - a wand of light (6)
Scrolls
 e - 3 scrolls of enchant weapon {unknown}
 i - a scroll of summoning
 m - a scroll of fear
 n - 3 scrolls of teleportation {unknown}
 o - 2 scrolls of amnesia
 y - 3 scrolls of revelation {unknown}
 C - a scroll of blinking
 F - a scroll of noise
 G - a scroll of immolation
 J - a scroll of brand weapon
 M - a scroll of vulnerability
Potions
 h - a potion of curing
 j - a potion of mutation
 w - a potion of brilliance
 z - a potion of lignification
 A - 2 potions of resistance {unknown}
 L - a potion of ambrosia {unknown}


   Skills:
 + Level 5.2 Fighting
 + Level 4.4 Short Blades
 + Level 4.4 Long Blades
 + Level 4.4 Axes
 + Level 4.4 Maces & Flails
 + Level 4.4 Polearms
 + Level 4.4 Staves
 + Level 4.4 Ranged Weapons
 + Level 4.4 Throwing
 + Level 4.4 Armour
 + Level 6.4 Dodging
 + Level 4.4 Stealth
 + Level 4.4 Shields
 + Level 8.0 Unarmed Combat
 + Level 4.4 Spellcasting
 + Level 3.6 Conjurations
 + Level 3.6 Hexes
 + Level 3.6 Summonings
 + Level 3.6 Necromancy
 + Level 3.6 Translocations
 + Level 3.6 Fire Magic
 + Level 3.6 Ice Magic
 + Level 3.6 Air Magic
 + Level 3.6 Earth Magic
 + Level 3.6 Alchemy
 + Level 4.9 Invocations
 + Level 4.4 Evocations
 + Level 7.7 Shapeshifting


You had 16 spell levels left.
You didn't know any spells.
Your spell library contained the following spells:

 Spells                   Type           Power      Damage    Failure   Level
 Jinxbite                 Hex            18%        N/A       3%          2
 Ozocubu's Armour         Ice            9%         N/A       6%          3
 Summon Ice Beast         Ice/Summ       9%         N/A       6%          3
 Tukima's Dance           Hex            9%         N/A       6%          3
 Dimensional Bullseye     Hex/Tloc       4%         N/A       21%         4
 Iskenderun's Mystic Bla  Conj/Tloc      9%         2d4       21%         4
 Metabolic Englaciation   Hex/Ice        4%         N/A       50%         5
 Summon Mana Viper        Hex/Summ       9%         N/A       50%         5
 Yara's Violent Unravell  Hex/Alch       4%         3d4       50%         5
 Sculpt Simulacrum        Ice/Alch       4%         N/A       96%         6
 Enfeeble                 Hex            4%         N/A       100%        7
 Monstrous Menagerie      Summ           4%         N/A       100%        7


Dungeon Overview and Level Annotations

Branches:
Dungeon (7/15)             Bailey (1/1)
 Temple: D:4-7

Altars:


Innate Abilities, Weirdness & Mutations

You are something dangerously unstable.
You glow with magical radiation, making you easy to see and hit.
Foes you strike become dangerously contaminated with magical radiation.
You are incapable of wielding weapons or throwing items.
You have very sharp teeth.
Your uncanny sense of smell can sniff out nearby items.
Your experience applies equally to all skills.


Message History

The goblin barely misses you.
You closely miss the gnoll. You bite the gnoll, but do no damage.
The orc warrior completely misses you. The gnoll completely misses you.
The goblin barely misses you.
You hit the gnoll but do no damage.
The gnoll begins to glow.
The orc warrior completely misses you. The gnoll hits you with a +0 hand axe.
The goblin hits you but does no damage.
You hit the gnoll but do no damage.
The gnoll glows dangerously bright.
The orc warrior hits you with a +0 war axe!
The gnoll misses you. The goblin barely misses you.
You hit the gnoll.
The gnoll shudders as magic cascades through it!!
You kill the gnoll!
The goblin stops glowing.
The orc warrior hits you with a +0 war axe.
The goblin completely misses you.
You hit the orc but do no damage.
The orc begins to glow.
The orc warrior hits you with a +0 war axe!!
* * * LOW HITPOINT WARNING * * *
The orc barely misses you. The goblin barely misses you.
Unknown command.
You feel very mighty all of a sudden. The orc warrior closely misses you.
The orc closely misses you. The goblin hits you with a +0 hand axe.
* * * LOW HITPOINT WARNING * * *
You feel much better.
The orc warrior hits you with a +0 war axe.
The orc hits you with a +0 hand axe. The goblin barely misses you.
You hit the orc.
The orc glows dangerously bright.
The orc is heavily wounded.
The orc warrior hits you with a +0 war axe!
* * * LOW HITPOINT WARNING * * *
The orc misses you.
You hit the orc.
The orc shudders as magic cascades through it!!
You kill the orc!
The goblin completely misses you.
You barely miss the orc warrior.
The orc warrior hits you with a +0 war axe!
You die...

#≈≈≈≈≈ #≈≈≈≈≈ ..o
#≈≈≈≈≈# .8g8
#≈≈≈≈≈######...#
#≈≈≈≈≈~.#.....
######.≈≈≈≈~.#....
#......≈≈≈≈~.#''####
###......≈≈≈≈~p#)....#
#............go).....#
#∩..∩..........'..⌠..#
#..............'.....#
###......≈≈≈≈S.#.....#
#......≈≈≈≈~.#++####
######.≈≈≈≈~.#
#≈≈≈≈≈~.# #≈≈≈≈≈###


You could see an orc warrior, an electric eel and a goblin.

Vanquished Creatures
  A hornet (D:5)
  Grinder (D:6)
  2 wyverns
  A water moccasin (D:6)
  A sky beast (D:6)
  An ice beast (D:6)
  A centaur (D:7)
  2 ogres
  2 bullfrogs
  A scorpion (D:6)
  3 wights (D:7)
  A howler monkey (D:4)
  3 jellies
  3 hounds
  3 orc priests
  Crazy Yiuf (D:5)
  3 iguanas
  4 orc wizards
  Robin (D:3)
  7 adders
  5 gnolls
  2 white imps
  4 ufetubi
  2 ribbon worms
  A dart slug (D:2)
  17 orcs
  4 endoplasms
  5 giant cockroaches
  14 goblins
  14 hobgoblins
  4 jackals
  8 kobolds
  2 quokkas
  7 ball pythons
  8 bats
  3 frilled lizards
  6 rats
148 creatures vanquished.

Vanquished Creatures (others)
  A goblin (Bailey)
1 creature vanquished.

Grand Total: 149 creatures vanquished

Notes
Turn   | Place    | Note
-------+----------+-------------------------------------------
     0 | D:1      | monsoonserge the Gnoll Shapeshifter began the quest for the
                  | Orb.
     0 | D:1      | Reached XP level 1. HP: 17/17 MP: 1/1
   178 | D:1      | Reached XP level 2. HP: 22/23 MP: 2/2
   439 | D:1      | Reached XP level 3. HP: 24/28 MP: 3/3
   823 | D:2      | Reached skill level 1 in Invocations
   950 | D:2      | Reached skill level 1 in Short Blades
   950 | D:2      | Reached skill level 1 in Long Blades
   950 | D:2      | Reached skill level 1 in Axes
   950 | D:2      | Reached skill level 1 in Maces & Flails
   950 | D:2      | Reached skill level 1 in Polearms
   950 | D:2      | Reached skill level 1 in Staves
   950 | D:2      | Reached skill level 1 in Ranged Weapons
   950 | D:2      | Reached skill level 1 in Throwing
   950 | D:2      | Reached skill level 1 in Armour
   950 | D:2      | Reached skill level 1 in Stealth
   950 | D:2      | Reached skill level 1 in Shields
   950 | D:2      | Reached skill level 1 in Spellcasting
   950 | D:2      | Reached skill level 1 in Evocations
  1120 | D:2      | Reached XP level 4. HP: 30/34 MP: 5/5
  1304 | D:2      | Reached skill level 1 in Conjurations
  1304 | D:2      | Reached skill level 1 in Hexes
  1304 | D:2      | Reached skill level 1 in Summonings
  1304 | D:2      | Reached skill level 1 in Necromancy
  1304 | D:2      | Reached skill level 1 in Translocations
  1304 | D:2      | Reached skill level 1 in Fire Magic
  1304 | D:2      | Reached skill level 1 in Ice Magic
  1304 | D:2      | Reached skill level 1 in Air Magic
  1304 | D:2      | Reached skill level 1 in Earth Magic
  1304 | D:2      | Reached skill level 1 in Alchemy
  1877 | D:3      | Noticed Robin
  1889 | D:3      | Killed Robin
  1900 | D:3      | Reached XP level 5. HP: 27/40 MP: 5/7
  2638 | D:4      | Reached XP level 6. HP: 45/47 MP: 8/8
  2659 | D:4      | Reached skill level 5 in Dodging
  3965 | D:5      | Entered Level 5 of the Dungeon
  4057 | D:5      | Reached skill level 7 in Unarmed Combat
  4057 | D:5      | Reached XP level 7. HP: 51/52 MP: 10/10
  4123 | D:5      | Noticed a wyvern
  4129 | D:5      | Killed a wyvern
  4566 | D:5      | Noticed a hornet
  4572 | D:5      | Killed a hornet
  4573 | D:5      | Reached XP level 8. HP: 60/60 MP: 12/12
  4650 | D:5      | Found a runed translucent door.
  4651 | D:5      | Noticed Crazy Yiuf
  4658 | D:5      | Killed Crazy Yiuf
  4662 | D:5      | Identified the +0 hammer "Elozitik" {freeze, rCorr Dex+3}
  4885 | D:6      | Noticed Grinder
  4885 | D:6      | Paralysed by Grinder for 4 turns
  4895 | D:6      | Paralysed by Grinder for 5 turns
  4904 | D:6      | Killed Grinder
  5034 | D:6      | Noticed a wyvern
  5043 | D:6      | Killed a wyvern
  5427 | D:6      | Reached XP level 9. HP: 50/67 MP: 13/15
  5725 | D:6      | Reached skill level 5 in Fighting
  6253 | D:7      | Reached skill level 8 in Unarmed Combat
  6262 | D:7      | Found a flagged portal.
  6278 | Bailey   | Entered a bailey
  6313 | Bailey   | Slain by an orc warrior

Illustrated notes

Levels and vault maps discovered:
D:1:      roadster_arrival_rocket_small, layout_basic
D:2:      layout_loops_ring, serial_forest, infiniplex_forest_fountain,
          infiniplex_forest_lined_2, infiniplex_forest_pool,
          infiniplex_forest_lined_room_, infiniplex_forest_clump_cross,
          infiniplex_forest_lined_room_3, infiniplex_forest_diagonal, hex_tiny,
          grunt_decor_one_mirror
D:3:      layout_basic, uniq_robin
D:4:      layout_basic
D:5:      layout_gridville, uniq_crazy_yiuf_cottage
D:6:      layout_basic, hangedman_decor_growths, uniq_grinder
D:7:      layout_rooms, temple_fountains, serial_curves, eino_curves_01,
          eino_curves_01, enter_bailey_2, minmay_fractal_squares_gapless_5
Bailey:   bailey_axe_of_yendor_kennysheep, bailey

Skill      XL: |  1  2  3  4  5  6  7  8  9 |
---------------+----------------------------+-----
Invocations    | 1 2 3 4 |  4.9
Short Blades   | 1 2 3 4 |  4.4
Long Blades    | 1 2 3 4 |  4.4
Axes           | 1 2 3 4 |  4.4
Maces & Flails | 1 2 3 4 |  4.4
Polearms       | 1 2 3 4 |  4.4
Staves         | 1 2 3 4 |  4.4
Ranged Weapons | 1 2 3 4 |  4.4
Throwing       | 1 2 3 4 |  4.4
Armour         | 1 2 3 4 |  4.4
Stealth        | 1 2 3 4 |  4.4
Shields        | 1 2 3 4 |  4.4
Spellcasting   | 1 2 3 4 |  4.4
Evocations     | 1 2 3 4 |  4.4
Conjurations   | 1 2 3 |  3.6
Hexes          | 1 2 3 |  3.6
Summonings     | 1 2 3 |  3.6
Necromancy     | 1 2 3 |  3.6
Translocations | 1 2 3 |  3.6
Fire Magic     | 1 2 3 |  3.6
Ice Magic      | 1 2 3 |  3.6
Air Magic      | 1 2 3 |  3.6
Earth Magic    | 1 2 3 |  3.6
Alchemy        | 1 2 3 |  3.6
Fighting       | 3 4 5 |  5.2
Dodging        | 5 6 |  6.4
Unarmed Combat | 7 8 |  8.0
Shapeshifting  | 7 |  7.7

Action                     |  1- 3 |  4- 6 |  7- 9 || total
---------------------------+-------+-------+-------++-------
  Melee: Unarmed           |    72 |   190 |   187 ||   449
         Bite              |     3 |    17 |    22 ||    42
  Throw: Dart              |       |     4 |       ||     4
  Evoke: Wand              |       |       |     1 ||     1
    Use: Potion            |       |     1 |     3 ||     4
         Scroll            |       |       |    12 ||    12
   Stab: Sleeping          |       |     1 |     1 ||     2
 Armour: Animal skin       |    25 |       |       ||    25
         Skin              |     4 |    94 |    88 ||   186
  Dodge: Dodged            |    61 |   142 |   169 ||   372
   Form: Flux              |     1 |       |       ||     1
